 Dungeon Sprint DCSS version 0.30-a0-58-gc0703345a7 (webtiles) character file.

Game seed: 3075581956431482554

1 mhtbhm the Digger (level 1, -4/10 HPs)
             Began as a Gargoyle Earth Elementalist on Sept 11, 2022.
             Was an Initiate of Vehumet.
             Slain by a river rat (8 damage)
             ... in the Dungeon (Sprint VII: "The Pits").
             The game lasted 00:00:28 (91 turns).

mhtbhm the Digger (Gargoyle Earth Elementalist)       Turns: 91, Time: 00:00:29

Health: -4/10      AC:  4    Str: 11    XL:     1   Next: 20%
Magic:  0/3        EV: 12    Int: 15    God:    Vehumet [......]
Gold:   0          SH:  0    Dex: 10    Spells: 3/4 levels left

rFire   . . .      SeeInvis .    k - +2 quarterstaff
rCold   . . .      Faith    .    (shield currently unavailable)
rNeg    + . .      Spirit   .    a - +0 robe
rPois   ∞          Reflect  .    (no helmet)
rElec   +          Harm     .    (no cloak)
rCorr   .          Rampage  .    (no gloves)
Will    .....      NoTele   +    (no boots)
Stlth   ++........               (no amulet)
HPRegen 0.03/turn                (no ring)
MPRegen 0.08/turn                (no ring)

@: no status effects
A: sickness immunity, AC +2, negative energy resistance 1, electricity
resistance, torment resistance 1, petrification resistance
a: Renounce Religion


You were in the Dungeon.
You worshipped Vehumet.
Vehumet was noncommittal.
You visited 1 branch

Inventory:

Hand Weapons
 k - a +2 quarterstaff (weapon)
Armour
 a - a +0 robe (worn)
Scrolls
 g - a scroll of blinking
 i - 5 scrolls of amnesia
 j - a scroll of summoning
Potions
 b - 5 potions of magic
 c - a potion of curing
 d - a potion of heal wounds
 e - a potion of haste
 f - 3 potions of berserk rage
 h - 2 potions of invisibility


   Skills:
 + Level 1.6 Dodging
 + Level 2.2 Stealth
 + Level 2.3 Spellcasting
 + Level 0.7 Transmutations
 + Level 4.0 Earth Magic


You had 3 spell levels left.
You knew the following spells:

 Your Spells              Type           Power      Damage    Failure   Level
a - Sandblast             Erth           26%        2d8       4%          1

Your spell library contained the following spells:

 Spells                   Type           Power      Damage    Failure   Level
 Passwall                 Tmut/Erth      6%         N/A       12%         2
 Stone Arrow              Conj/Erth      14%        3d7       28%         3
 Petrify                  Tmut/Erth      8%         N/A       63%         4


Dungeon Overview and Level Annotations

Branches:
Dungeon (1/1)

Altars:
Ashenzari
Cheibriados
Dithmenos
Elyvilon
Fedhas
Gozag
Hepliaklqana
Kikubaaqudgha
Makhleb
Nemelex Xobeh
Okawaru
Qazlal
Ru
Sif Muna
Trog
Uskayaw
Vehumet
Wu Jian
Xom
Yredelemnul
Zin
The Shining One
Jiyva
Lugonu


Innate Abilities, Weirdness & Mutations

You are immune to sickness and miasma.
Your stone body is resilient. (AC +2)
You are immune to poison.
You resist negative energy. (rN+)
You are resistant to electric shocks. (rElec)
You are resistant to unholy torment.
You are immune to petrification.


Message History

There is a sparkling altar of Nemelex Xobeh here.
There is a burning altar of Makhleb here.
There is a corrupted altar of Lugonu here.
There is a radiant altar of Vehumet here.
You kneel at the altar of Vehumet.
Vehumet welcomes you!
There is an ornate altar of the Wu Jian Council here.
There is a shimmering altar of Xom here.
There is a basalt altar of Yredelemnul here.
There is a glowing silver altar of Zin here.
There is a glowing golden altar of the Shining One here.
There is an open door to the Temple (Safe) here.
You open the door.
A river rat comes into view.
Casting: Sandblast (safe; 4% risk of failure)
Confirm with . or Enter, or press ? or * to list all spells.
Aiming: Sandblast (safe; 4% risk of failure)
Press: ? - help, Shift-Dir - straight line, f - river rat
Aim: a river rat (asleep, 100% to hit)
The blast of sand hits the river rat but does no damage.
Unknown command.
Casting: Sandblast (safe; 4% risk of failure)
Confirm with . or Enter, or press ? or * to list all spells.
Aiming: Sandblast (safe; 4% risk of failure)
Press: ? - help, Shift-Dir - straight line, f/p - river rat
Aim: a river rat (80% to hit)
The blast of sand hits the river rat but does no damage.
The river rat bites you.
Ouch! That really hurt!
Unknown command.
Unknown command.
Casting: Sandblast (safe; 4% risk of failure)
Confirm with . or Enter, or press ? or * to list all spells.
Aiming: Sandblast (safe; 4% risk of failure)
Press: ? - help, Shift-Dir - straight line, f/p - river rat
Aim: a river rat (80% to hit)
The blast of sand hits the river rat but does no damage.
The river rat bites you!
Ouch! That really hurt!
You die...

############
#_________.#
#_________.#
#_______...###########++
##########'##...........
#.?(.')))'.##......#..#.
##########.##...........
#......@....'...........
#+#####r#####......#..#.
..# #........... +..+
####'#####++ ####
#.......# #.......#
#.......# #...<...#
#.......#


You could see a river rat.

Vanquished Creatures
  An endoplasm (D)
1 creature vanquished.

Notes
Turn   | Place    | Note
-------+----------+-------------------------------------------
     0 | D        | mhtbhm the Gargoyle Earth Elementalist began the quest for
                  | the Orb.
     0 | D        | Reached XP level 1. HP: 10/10 MP: 3/3
    19 | D        | Reached skill level 4 in Earth Magic
    59 | D        | Found a bloodstained altar of Trog.
    59 | D        | Found a shimmering blue altar of Sif Muna.
    59 | D        | Found a viscous altar of Jiyva.
    59 | D        | Found a hazy altar of Hepliaklqana.
    59 | D        | Found an opulent altar of Gozag.
    60 | D        | Found a glowing golden altar of the Shining One.
    60 | D        | Found a glowing silver altar of Zin.
    60 | D        | Found a basalt altar of Yredelemnul.
    60 | D        | Found a shimmering altar of Xom.
    60 | D        | Found an ornate altar of the Wu Jian Council.
    60 | D        | Found a sacrificial altar of Ru.
    60 | D        | Found a stormy altar of Qazlal.
    60 | D        | Found an iron altar of Okawaru.
    60 | D        | Found a sparkling altar of Nemelex Xobeh.
    60 | D        | Found a burning altar of Makhleb.
    60 | D        | Found a blossoming altar of Fedhas.
    60 | D        | Found a white marble altar of Elyvilon.
    60 | D        | Found a shadowy altar of Dithmenos.
    60 | D        | Found a snail-covered altar of Cheibriados.
    62 | D        | Found a radiant altar of Vehumet.
    62 | D        | Found a corrupted altar of Lugonu.
    63 | D        | Found a hide-covered altar of Uskayaw.
    63 | D        | Found an ancient bone altar of Kikubaaqudgha.
    63 | D        | Found a broken altar of Ashenzari.
    72 | D        | Became a worshipper of Vehumet
    91 | D        | Slain by a river rat

Illustrated notes

Levels and vault maps discovered:
D:        pitsprint [storerooms_1, entrance_room_1, metal_vault_3, armoury_1,
          mini_pit_1, grid_room_1, main_hall_1, silver_pit, the_coven_2,
          the_vestibule_1, steel_vault_2, golden_pit, hallway_of_sentries,
          crystal_vault_1, iron_vault_1, final_vault]

Skill      XL: |  1 |
---------------+----+-----
Earth Magic    | 4 |  4.0
Dodging        | |  1.6
Stealth        | |  2.2
Spellcasting   | |  2.3
Transmutations | |  0.7

Action                   || total
-------------------------++-------
 Cast: Sandblast         ||     4

Table legend: (Time is in decaauts)
 A = Elapsed time spent in this place.
 B = Non-inter-level travel time spent in this place.
 C = Inter-level travel time spent in this place.
 D = Time resting spent in this place.
 E = Time spent auto-exploring this place.
 F = Levels seen in this place.
 G = Mean time per level.
                   A        B        C        D        E       F      G
               +--------+--------+--------+--------+--------+-----+--------+
         Total |     92 |     92 |      0 |     11 |      0 |   1 |   92.0 |
       Dungeon |     92 |     92 |      0 |     11 |      0 |   1 |   92.0 |
               +--------+--------+--------+--------+--------+-----+--------+

Top non-repeatable levels by time:
       D: 92 daAuts
